 Dungeon Crawl Stone Soup version 0.18.1-48-g4cf74bf (webtiles) character file.

589 Jerry the Chiller (level 7, -1/46 HPs)
             Began as a Human Ice Elementalist on July 12, 2016.
             Was an Initiate of Kikubaaqudgha.
             Slain by a water moccasin skeleton (5 damage)
             ... on level 4 of the Dungeon.
             The game lasted 00:30:50 (5975 turns).

Jerry the Chiller (Human Ice Elementalist)          Turns: 5975, Time: 00:30:51

Health: -1/46      AC:  3    Str:  8    XL:     7   Next: 65%
Magic:  10/10      EV: 13    Int: 18    God:    Kikubaaqudgha [......]
Gold:   98         SH:  0    Dex: 13    Spells: 2 memorised, 5 levels left

rFire  . . .     SeeInvis .     o - +0 hunting sling (curse)
rCold  . . .     Gourm    .     a - +0 robe
rNeg   . . .     Faith    .     (no shield)
rPois  .         Spirit   .     d - +0 helmet
rElec  .         Dismiss  .     (no cloak)
rCorr  .         Reflect  .     (no gloves)
SustAt .         Harm     .     (no boots)
MR     .....                    (no amulet)
Stlth  ++........               (no ring)
                                (no ring)

@: not resistant to hostile enchantments, unstealthy
A: no striking features
a: Renounce Religion


You were on level 4 of the Dungeon.
You worshipped Kikubaaqudgha.
Kikubaaqudgha was noncommittal.
You were hungry.

You visited 1 branch of the dungeon, and saw 4 of its levels.

You collected 98 gold pieces.

Inventory:

Hand Weapons
 e - a +0 whip
 o - a cursed +0 hunting sling (weapon)
 r - a +2 vampiric short sword
Missiles
 p - 82 stones (quivered)
Armour
 a - a +0 robe (worn)
 d - a +0 helmet (worn)
Scrolls
 f - a scroll of amnesia {unknown}
 g - a scroll of enchant armour {unknown}
 h - 2 scrolls of remove curse {unknown}
 i - 7 scrolls of identify {unknown}
 j - a scroll of fog {unknown}
 m - 2 scrolls of enchant weapon {unknown}
 n - a scroll of noise {unknown}
 s - 3 scrolls of teleportation {unknown}
 t - a scroll of immolation {unknown}
 v - a scroll of fear {unknown}
Potions
 l - a potion of resistance
Books
 b - a book of Frost

   Spells                             Type                      Level
   a - Freeze                         Ice                          1
   b - Throw Frost                    Conjuration/Ice              2
   c - Ozocubu's Armour               Charms/Ice                   3
   d - Throw Icicle                   Conjuration/Ice              4
   e - Summon Ice Beast               Ice/Summoning                4
Comestibles
 c - 6 bread rations
 k - a beef jerky


   Skills:
 - Level 3.4 Dodging
 - Level 2.0 Stealth
 - Level 2.0 Spellcasting
   Level 1.0 Conjurations
 + Level 4.6 Summonings
 + Level 6.0 Ice Magic


You had 5 spell levels left.
You knew the following spells:

 Your Spells              Type           Power        Failure   Level  Hunger
a - Freeze                Ice            ###.         1%          1    #......
b - Summon Ice Beast      Ice/Summ       ###.....     24%         4    #####..


Dungeon Overview and Level Annotations

Branches:
Dungeon (4/15)
 Temple: D:4-7

Altars:
Kikubaaqudgha


Message History

The stone hits the water moccasin skeleton.
The water moccasin skeleton bites you.
* * * LOW HITPOINT WARNING * * *
The water moccasin skeleton completely misses you.
Firing (i - inventory):
p - 84 stones (quivered)
Press: ? - help, Shift-Dir - straight line, f/p - water moccasin skeleton
Aim: a water moccasin skeleton You shoot a stone.
The stone hits the water moccasin skeleton.
The water moccasin skeleton bites you.
* * * LOW HITPOINT WARNING * * *
Firing (i - inventory):
p - 83 stones (quivered)
Press: ? - help, Shift-Dir - straight line, f/p - water moccasin skeleton
Aim: a water moccasin skeleton You shoot a stone.
The stone hits the water moccasin skeleton.
The water moccasin skeleton barely misses you.
The water moccasin skeleton bites you.
You die...
Kikubaaqudgha rasps: "You have failed me!
Welcome... death!"

##############.##...#
#...................#
#.[.......##........#
#.######..###...##....
####..# ##.## ###
#.###.....# #.#
#........## #.#
#.###.##.# ##'##
#@##.# ##...## #
#...(Z...###.....## #
####..#####.(.....## #
(..# #.........###
..... +.........'..
.#..(# #....>....###
#.##.## ##.......## (
## ##.....## #......#


You could see a water moccasin skeleton.

Vanquished Creatures
  An ogre (D:4)
  A phantom (D:4)
  A howler monkey (D:4)
  2 hounds (D:4)
  An orc priest (D:4)
  A centaur skeleton (D:4)
  2 orc wizards
  A hound skeleton (D:4)
  Robin (D:2)
  7 adders
  2 oozes (D:1)
  4 worms
  2 dart slugs
  3 giant geckos
  13 orcs
  4 giant cockroaches
  11 goblins
  9 hobgoblins
  3 jackals (D:3)
  4 quokkas
  9 bats
  5 giant newts
  5 kobolds
  A quokka skeleton (D:4)
  7 rats
100 creatures vanquished.

Notes
Turn   | Place    | Note
--------------------------------------------------------------
     0 | D:1      | Jerry the Human Ice Elementalist began the quest for the Orb.
     0 | D:1      | Reached XP level 1. HP: 13/13 MP: 3/3
   201 | D:1      | Reached XP level 2. HP: 19/19 MP: 5/5
   789 | D:1      | Reached XP level 3. HP: 24/24 MP: 2/6
  1347 | D:2      | Reached XP level 4. HP: 30/30 MP: 5/7
  1353 | D:2      | Learned a level 4 spell: Summon Ice Beast
  1621 | D:2      | Noticed Robin
  1805 | D:2      | Killed Robin
  1805 | D:2      | Reached skill level 4 in Ice Magic
  2434 | D:3      | Reached skill level 1 in Summonings
  2500 | D:3      | Reached XP level 5. HP: 35/35 MP: 8/8
  3561 | D:3      | HP: 1/35 [something (1)]
  4259 | D:4      | Reached XP level 6. HP: 39/41 MP: 5/9
  4288 | D:4      | Found an ancient bone altar of Kikubaaqudgha.
  4293 | D:4      | Became a worshipper of Kikubaaqudgha
  4480 | D:4      | Reached skill level 5 in Ice Magic
  4990 | D:4      | Reached XP level 7. HP: 15/46 MP: 6/10
  5901 | D:4      | Reached skill level 6 in Ice Magic
  5975 | D:4      | Slain by a water moccasin skeleton

Skill      XL: |  1  2  3  4  5  6  7 |
---------------+----------------------+-----
Dodging        | 3 |  3.4
Ice Magic      | 4 5 6 |  6.0
Summonings     | 1 2 3 4 |  4.6
Stealth        | |  2.0
Spellcasting   | |  2.0
Conjurations   | |  1.0

Action                   |  1- 3 |  4- 6 |  7- 9 || total
-------------------------+-------+-------+-------++-------
Melee: Whip              |     7 |     2 |       ||     9
       Hunting sling     |       |    13 |       ||    13
 Fire: Hunting sling     |       |   144 |    94 ||   238
Throw: Javelin           |    40 |    17 |       ||    57
 Cast: Freeze            |    18 |    83 |    23 ||   124
  Use: Potion            |       |     6 |     2 ||     8
 Stab: Sleeping          |     1 |       |       ||     1
  Eat: Chunk             |     2 |    12 |     3 ||    17
Armor: Robe              |     7 |    10 |     5 ||    22
       Skin              |       |    16 |       ||    16
Dodge: Dodged            |    14 |    56 |    30 ||   100
